 Dungeon Crawl Stone Soup version 0.30.1-11-g7821555f0a (webtiles) character file.

Game seed: 8329323843637867066

395 monsoonserge the Slasher (level 6, -4/47 HPs)
             Began as a Demonspawn Warper on Nov 2, 2023.
             Killed by divine providence
             ... invoked by an orc priest
              (14 damage)
             ... on level 4 of the Dungeon.
             The game lasted 00:08:48 (3021 turns).

monsoonserge the Slasher (Demonspawn Warper)        Turns: 3021, Time: 00:08:49

Health: -4/47      AC: 11    Str: 11    XL:     6   Next: 52%
Magic:  9/9        EV: 11    Int: 17    God:
Gold:   129        SH:  0    Dex: 12    Spells: 7/9 levels left

rFire   + . .        k - +0 long sword
rCold   + . .        (no shield)
rNeg    . . .        a - +0 ring mail
rPois   .            v - +2 helmet
rElec   .            (no cloak)
rCorr   .            (no gloves)
SInv    .            (no boots)
Will    .....        w - amulet of magic regeneration
Stlth   +            s - ring of protection from cold
HPRegen 0.27/turn    y - ring of protection from fire
MPRegen 0.51/turn

%: no passive effects
@: no status effects
A: slimy green scales 2, powered by death 2
a: no special abilities


You were on level 4 of the Dungeon.
You visited 1 branch of the dungeon, and saw 4 of its levels.

You collected 129 gold pieces.

Inventory:

Hand Weapons
 k - a +0 long sword (weapon)
Missiles
 d - 7 boomerangs of dispersal
 i - 10 poisoned darts
 j - 2 boomerangs (quivered)
Armour
 a - a +0 ring mail (worn)
 b - a +0 leather armour
 v - a +2 helmet (worn)
Jewellery
 s - a ring of protection from cold (left hand)
 w - an amulet of magic regeneration (around neck)
 y - a ring of protection from fire (right hand)
 B - a ring of flight
Scrolls
 c - a scroll of blinking
 e - 3 scrolls of noise {unknown}
 h - 5 scrolls of identify {unknown}
 q - 2 scrolls of fear {unknown}
 u - a scroll of amnesia {unknown}
 z - a scroll of poison {unknown}
Potions
 f - a potion of heal wounds
 g - a potion of magic {unknown}
 l - 2 potions of attraction {unknown}
 m - a potion of might {unknown}
 n - a potion of ambrosia {unknown}
 o - a potion of mutation {unknown}
 p - a potion of flight {unknown}
 r - 2 potions of curing
 t - a potion of haste {unknown}
 x - a potion of degeneration {unknown}
 A - a potion of lignification {unknown}


   Skills:
 + Level 3.0 Fighting
 + Level 3.6 Long Blades
 + Level 1.2 Throwing
 * Level 3.5 Armour
 + Level 2.6 Dodging
 - Level 2.0 Spellcasting
 + Level 3.4 Translocations


You had 7 spell levels left.
You knew the following spells:

 Your Spells              Type           Power      Damage    Failure   Level
a - Blink                 Tloc           26%        N/A       16%         2

Your spell library contained the following spells:

 Spells                   Type           Power      Damage    Failure   Level
 Lesser Beckoning         Tloc           26%        N/A       16%         2
 Teleport Other           Tloc           13%        N/A       32%         3
 Sting                    Tmut/Pois      4%         1d3       41%         1
 Poisonous Vapours        Pois/Air       2%         N/A       54%         2
 Vhi's Electric Charge    Tloc/Air       14%        N/A       54%         3
 Manifold Assault         Tloc           13%        N/A       71%         4
 Olgreb's Toxic Radiance  Pois           1%         N/A       99%         4


Dungeon Overview and Level Annotations

Branches:
Dungeon (4/15)
 Temple: D:4-7

Altars:
Okawaru


Innate Abilities, Weirdness & Mutations

You are mostly covered in slimy green scales. (AC +3)
You regenerate health from kills.


Message History

The iguana bites you but does no damage.
The orc priest hits you but does no damage.
You hit the orc priest.
The orc priest is almost dead.
The iguana bites you but does no damage.
The orc priest calls down the wrath of Beogh upon you.
Pain shoots through your body!
You hit the orc priest but do no damage.
You punch the orc priest, but do no damage.
The orc priest is almost dead.
The orc priest mumbles some strange prayers to Beogh against you.
Beogh smites you!
* * * LOW HITPOINT WARNING * * *
The iguana bites you.
* * * LOW HITPOINT WARNING * * *
The orc priest hits you but does no damage.
The iguana bites you but does no damage.
Casting: Blink (safe; 16% risk of failure)
Confirm with . or Enter, or press ? or * to list all spells.
You blink.
It was a potion of heal wounds.
You feel much better.
You barely miss the orc priest.
The orc priest is almost dead.
The orc priest barely misses you.
You hit the orc priest but do no damage.
The orc priest is almost dead.
The orc priest hits you with a +0 club.
* * * LOW HITPOINT WARNING * * *
Unknown command.
You hit the orc priest.
The orc priest is almost dead.
You feel stable enough to blink again. The iguana misses you.
The orc priest hits you with a +0 club.
* * * LOW HITPOINT WARNING * * *
Unknown command.
You closely miss the orc priest.
The orc priest is almost dead.
The orc priest mumbles some strange prayers to Beogh against you.
Beogh smites you!
You die...

#############
####...........#
#..l.###.......#
#.@o.# #.#.###.###
#.......#..........#
#..........#.###.#.#
#.......##.#.# #.#.#
#.............. ..#.#
#.#.....###########.#
#.#...#.# #.# #
#...#.# . ##.## ##
#.#..... ... ##...#


You could see an iguana and an orc priest.

Vanquished Creatures
  Pargi (D:2)
  A phantom (D:3)
  A gnoll bouda (D:4)
  An iguana (D:3)
  An orc wizard (D:4)
  Robin (D:2)
  2 adders
  3 gnolls (D:3)
  2 worms (D:2)
  An orc (D:4)
  4 endoplasms
  3 giant cockroaches
  15 goblins
  10 hobgoblins
  2 jackals (D:3)
  A quokka (D:3)
  9 ball pythons
  7 bats
  2 frilled lizards (D:2)
  4 kobolds
  6 rats
77 creatures vanquished.

Vanquished Creatures (others)
  An orc wizard (D:4)
1 creature vanquished.

Grand Total: 78 creatures vanquished

Notes
Turn   | Place    | Note
-------+----------+-------------------------------------------
     0 | D:1      | monsoonserge the Demonspawn Warper began the quest for the
                  | Orb.
     0 | D:1      | Reached XP level 1. HP: 16/16 MP: 3/3
    81 | D:1      | Reached skill level 1 in Throwing
   261 | D:1      | Reached skill level 1 in Armour
   292 | D:1      | Gained mutation: You regenerate a little health from kills.
                  | [demonic ancestry]
   292 | D:1      | Reached XP level 2. HP: 21/22 MP: 5/5
   314 | D:1      | Learned a level 2 spell: Blink
   822 | D:2      | Noticed Robin
   963 | D:1      | Gained mutation: You are partially covered in slimy green
                  | scales. (AC +2) [demonic ancestry]
   963 | D:1      | Reached XP level 3. HP: 23/27 MP: 6/6
  1012 | D:3      | Noticed a phantom
  1510 | D:2      | Killed Robin
  1511 | D:2      | Gained mutation: You regenerate health from kills. [demonic
                  | ancestry]
  1511 | D:2      | Reached XP level 4. HP: 23/34 MP: 7/7
  1591 | D:2      | Found an iron altar of Okawaru.
  1745 | D:2      | Found a faded altar of an unknown god.
  2140 | D:3      | Noticed Pargi
  2201 | D:2      | Killed Pargi
  2202 | D:2      | Reached XP level 5. HP: 12/39 MP: 8/8
  2317 | D:3      | Killed a phantom
  2318 | D:3      | Gained mutation: You are mostly covered in slimy green
                  | scales. (AC +3) [demonic ancestry]
  2318 | D:3      | Reached XP level 6. HP: 46/46 MP: 9/9
  3015 | D:4      | HP: 1/47 [iguana (6)]
  3021 | D:4      | Killed from afar by an orc priest

Illustrated notes

Levels and vault maps discovered:
D:1:      minmay_arrival_shattered_statue, layout_basic
D:2:      layout_rooms, ebering_ecumenical_altar_box, basic_altar,
          kennysheep_small_spiral, uniq_robin
D:3:      layout_rooms, skrybe_limestone_x, grunt_ministairs_7,
          minmay_misc_feat_enclosed, uniq_pargi
D:4:      layout_loops_cross, makhleb_altar_promises_db, serial_shops,
          nicolae_square_shop

Skill      XL: |  1  2  3  4  5  6 |
---------------+-------------------+-----
Translocations | 3 |  3.4
Throwing       | 1 |  1.2
Armour         | 1 2 3 |  3.5
Long Blades    | 2 3 |  3.6
Dodging        | 2 |  2.6
Fighting       | 3 |  3.0
Spellcasting   | |  2.0

Action                     |  1- 3 |  4- 6 || total
---------------------------+-------+-------++-------
  Melee: Falchion          |    20 |       ||    20
         Long sword        |   115 |   225 ||   340
         Punch             |     4 |     5 ||     9
  Throw: Dart              |       |     5 ||     5
         Boomerang         |       |     2 ||     2
   Cast: Blink             |     2 |     4 ||     6
    Use: Potion            |       |     2 ||     2
 Armour: Leather armour    |     3 |       ||     3
         Ring mail         |    92 |   173 ||   265
  Dodge: Dodged            |    98 |   138 ||   236
